[Event "Monday Night Swiss 13Rd 5m+1s Starts at 2240hrs"]
[Site "Infinity Chess"]
[Date "2018.1.29"]
[Round "1"]
[White "HULK"]
[Black "Dovahkiin"]
[Result "1-0"]
[ECO "C50"]
[WhiteElo "2504"]
[BlackElo "2444"]
[WhiteEngine "BrainFish_180124_x64_bmi2_CTG"]
[BlackEngine "BrainFish_180128_x64_modern_CTG"]
[EventType "Swiss"]
[WhiteTeam ""]
[BlackTeam ""]
[PlyCount "113"]
[TimeControl "300+1"]

1. e4 e5 2. Nf3 Nc6 3. Bc4 Bc5 4. O-O Nf6 5. d3 d6 6. c3 a5 7. Bb3 O-O 8. Bg5 h6 
9. Bh4 g5 10. Bg3 g4 11. Nh4 Nh5 12. Kh1 Qg5 13. a4 Bd7 14. Na3 Rad8 15. Nb5 Bb6 
16. Na3 Kg7 17. Bc2 Bc8 18. Nc4 Bc5 19. Nd2 Kh8 20. Qe2 Be6 21. Nf5 Bxf5 
22. exf5 Nxg3+ 23. fxg3 Qe3 24. Qd1 f6 25. Re1 Qg5 26. Ne4 Qh5 27. Nxc5 dxc5 
28. Re4 Rg8 29. Qe2 Qg5 30. Bb3 Rg7 31. Bc4 h5 32. Be6 b6 33. Rf1 Rd6 34. h3 Nd8 
35. Ba2 Kh7 36. Bc4 Nc6 37. hxg4 hxg4 38. Bf7 Qh6+ 39. Kg1 Rg5 40. Be8 Ne7 
41. d4 cxd4 42. cxd4 Rxf5 43. Rxg4 Rxf1+ 44. Kxf1 Qc1+ 45. Kf2 f5 46. Rh4+ Rh6 
47. Rxh6+ Qxh6 48. dxe5 Qe6 49. Qh5+ Kg7 50. Qg5+ Kh7 51. Qf6 Qxf6 52. exf6 Nd5 
53. f7 Kg7 54. Kf3 Kf8 55. b3 c5 56. g4 fxg4+ 57. Kxg4 1-0

[Event "Monday Night Swiss 13Rd 5m+1s Starts at 2240hrs"]
[Site "Infinity Chess"]
[Date "2018.1.29"]
[Round "1"]
[White "BraveDevil"]
[Black "Eman"]
[Result "1/2-1/2"]
[ECO "B23"]
[WhiteElo "2451"]
[BlackElo "2507"]
[WhiteEngine "Cryptic AIL V2"]
[BlackEngine "Eman 1.68c 64-bit POPCNT"]
[EventType "Swiss"]
[WhiteTeam ""]
[BlackTeam ""]
[PlyCount "60"]
[TimeControl "300+1"]

1. e4 c5 2. Nc3 d6 3. Nf3 Nf6 4. d4 cxd4 5. Nxd4 a6 6. Be3 e5 7. Nb3 Be6 
8. f3 Nbd7 9. Qd2 Be7 10. g4 O-O 11. O-O-O b5 12. g5 Nh5 13. Nd5 Bxd5 
14. exd5 f5 15. gxf6 Bxf6 16. Na5 Nf4 17. Nc6 Qc7 18. c4 Nb8 19. Qa5 Qb7 
20. cxb5 axb5 21. Qxb5 Qxb5 22. Bxb5 Rxa2 23. Kb1 Ra8 24. Rhg1 Nd7 25. Na7 Rfd8 
26. Rc1 Nf8 27. Nc6 Re8 28. Na7 Red8 29. Nc6 Rdc8 30. Na7 Rd8 1/2-1/2

[Event "Monday Night Swiss 13Rd 5m+1s Starts at 2240hrs"]
[Site "Infinity Chess"]
[Date "2018.1.29"]
[Round "1"]
[White "ocirema"]
[Black "SkyPilot"]
[Result "1/2-1/2"]
[ECO "C77"]
[WhiteElo "2508"]
[BlackElo "2470"]
[WhiteEngine "stockfish_18012814_x64_modern_CTG"]
[BlackEngine "stockfish_x64_bmi2_2018_01_23_CTG"]
[EventType "Swiss"]
[WhiteTeam ""]
[BlackTeam ""]
[PlyCount "86"]
[TimeControl "300+1"]

1. e4 e5 2. Nf3 Nc6 3. Bb5 a6 4. Ba4 Nf6 5. O-O Be7 6. Re1 b5 7. Bb3 O-O 
8. a4 b4 9. d4 d6 10. dxe5 Nxe5 11. Nxe5 dxe5 12. Qe2 Bc5 13. Be3 Bd4 
14. Bxd4 Qxd4 15. Rd1 Qc5 16. Qc4 Qe7 17. Nd2 a5 18. Qe2 g6 19. Nf1 Bb7 
20. f3 Ba6 21. Qe1 Bxf1 22. Kxf1 Kg7 23. c3 c5 24. Rac1 Rab8 25. Bc4 Rfd8 
26. Qe3 h5 27. h4 Ne8 28. Rxd8 Rxd8 29. Qg5 Nf6 30. Kg1 Qc7 31. b3 Nh7 
32. Qe3 Qe7 33. g3 Qd6 34. Kf2 Qd7 35. Kg2 Qd2+ 36. Qxd2 Rxd2+ 37. Kf1 Rh2 
38. Kg1 Rd2 39. cxb4 cxb4 40. Kf1 Rh2 41. Kg1 Rd2 42. Kf1 Rh2 43. Kg1 Rd2 
1/2-1/2

[Event "Monday Night Swiss 13Rd 5m+1s Starts at 2240hrs"]
[Site "Infinity Chess"]
[Date "2018.1.29"]
[Round "1"]
[White "KULLANI"]
[Black "MGR"]
[Result "1-0"]
[ECO "B12"]
[WhiteElo "2472"]
[BlackElo "2519"]
[WhiteEngine "BrainFish_180124_x64_CTG"]
[BlackEngine "asmFishW_2017-08-25_bmi2"]
[EventType "Swiss"]
[WhiteTeam ""]
[BlackTeam ""]
[PlyCount "109"]
[TimeControl "300+1"]

1. e4 c6 2. d4 d5 3. e5 c5 4. Nf3 cxd4 5. Nxd4 Nc6 6. Nxc6 bxc6 7. Bd3 e6 
8. O-O Ne7 9. Nd2 a5 10. Nf3 Rb8 11. Re1 c5 12. c3 h6 13. Rb1 Bd7 14. b3 Nc6 
15. a3 Be7 16. Bd2 g5 17. h3 h5 18. Qe2 Kf8 19. h4 gxh4 20. Qe3 Kg8 21. Red1 Ra8 
22. Rf1 Qf8 23. b4 c4 24. Bc2 axb4 25. axb4 Rb8 26. Kh1 Qg7 27. Rg1 f6 
28. exf6 Bxf6 29. b5 Nd8 30. g3 h3 31. Nd4 Rb7 32. Ra1 Kf7 33. Ra8 Rg8 
34. Kh2 Qg4 35. f3 Qg5 36. Qxg5 Rxg5 37. Bxg5 Bxg5 38. f4 Bf6 39. Rb1 Ke7 
40. f5 Bxd4 41. cxd4 Nf7 42. b6 exf5 43. Re1+ Kf6 44. Ra7 Bc6 45. Rxb7 Bxb7 
46. Kxh3 Ng5+ 47. Kg2 Ne6 48. Rd1 Ng7 49. Kf3 Ke6 50. Kf4 Kf6 51. Rh1 Ke6 
52. Kg5 Kd6 53. Rd1 f4 54. Kxf4 Ne6+ 55. Ke3 1-0

[Event "Monday Night Swiss 13Rd 5m+1s Starts at 2240hrs"]
[Site "Infinity Chess"]
[Date "2018.1.29"]
[Round "1"]
[White "mike"]
[Black "MarioDeMonti"]
[Result "0-1 "]
[ECO "B51"]
[WhiteElo "2522"]
[BlackElo "2483"]
[WhiteEngine "komodo-11.2.2-64bit"]
[BlackEngine "stockfish_x64_bmi2_2018_01_23_CTG"]
[EventType "Swiss"]
[WhiteTeam ""]
[BlackTeam ""]
[PlyCount "132"]
[TimeControl "300+1"]

1. e4 c5 2. Nf3 d6 3. Bb5+ Nd7 4. d4 cxd4 5. Nxd4 Ngf6 6. Nc3 a6 7. Bd3 g6 
8. Be3 Bg7 9. Qe2 Ne5 10. h3 d5 11. O-O-O Nxd3+ 12. Qxd3 dxe4 13. Nxe4 O-O 
14. Kb1 Nxe4 15. Qxe4 Qc7 16. f4 Bd7 17. g4 e6 18. Rd2 Rac8 19. c3 b5 
20. Rhd1 b4 21. cxb4 Qc4 22. Qd3 Qxb4 23. Qxa6 Ra8 24. Qd3 Qa5 25. b3 Rfc8 
26. Qe4 h5 27. Re2 Rc3 28. Rc1 f5 29. gxf5 exf5 30. Qg2 Ra6 31. Rxc3 Qxc3 
32. Qd5+ Be6 33. Qb5 Rd6 34. Qb8+ Bf8 35. Nc2 Rd1+ 36. Bc1 Qd3 37. Rf2 Kf7 
38. Qb6 Bd7 39. b4 Be6 40. Qe3 Qd5 41. Na1 Bxb4 42. Nb3 Qb7 43. Qf3 Qxf3 
44. Rxf3 Bd5 45. Re3 Rh1 46. Kb2 Rh2+ 47. Ka1 g5 48. Nd4 gxf4 49. Rd3 Be4 
50. Rb3 Bd2 51. Nxf5 Bxf5 52. Bxd2 Rxd2 53. Rf3 Kg6 54. h4 Be6 55. Rxf4 Rxa2+ 
56. Kb1 Rg2 57. Rf1 Rh2 58. Rg1+ Bg4 59. Kc1 Rxh4 60. Kd2 Kh7 61. Ke3 Bf5 
62. Rg5 Bg4 63. Re5 Kg7 64. Kd4 Bf3+ 65. Ke3 Bg4 66. Re8 Bf5 0-1

[Event "Saturday 06 January Rapid Engine Tour 12+1 Rounds 9 Starts 1600 ST"]
[Site "Infinity Chess"]
[Date "2018.1.6"]
[Round "9"]
[White "angriff"]
[Black "CoffeeOne"]
[Result "1/2-1/2"]
[ECO "C50"]
[WhiteElo "2377"]
[BlackElo "2497"]
[WhiteEngine "SF_64BIT_POPCNT_CTG"]
[BlackEngine "cfish-2018-01-05"]
[EventType "Swiss"]
[WhiteTeam ""]
[BlackTeam ""]
[PlyCount "70"]
[TimeControl "720+1"]

1. e4 e5 2. Nf3 Nc6 3. Bc4 Bc5 4. O-O Nf6 5. d3 d6 6. c3 O-O 7. Nbd2 a5 
8. Re1 Ba7 9. h3 Be6 10. Bb5 Ne7 11. d4 Ng6 12. Nf1 exd4 13. cxd4 d5 14. e5 Ne4 
15. Bd3 f6 16. exf6 Qxf6 17. Ng3 Nxf2 18. Kxf2 Nh4 19. Be3 c6 20. Kg1 Nxf3+ 
21. Qxf3 Qxf3 22. gxf3 Rxf3 23. Kg2 Raf8 24. Bg1 Bxh3+ 25. Kxh3 Rxd3 
26. Rad1 Rdf3 27. Kg2 Bb8 28. Re3 R3f4 29. Rdd3 g5 30. Re7 Rg4 31. Rxb7 h5 
32. Kh3 Rh4+ 33. Kg2 Rg4 34. Kh3 Rh4+ 35. Kg2 Rg4 1/2-1/2

[Event "Saturday 06 January Rapid Engine Tour 12+1 Rounds 9 Starts 1600 ST"]
[Site "Infinity Chess"]
[Date "2018.1.6"]
[Round "9"]
[White "IronMan"]
[Black "Klaus"]
[Result "1/2-1/2"]
[ECO "A00"]
[WhiteElo "2397"]
[BlackElo "2434"]
[WhiteEngine "Stockfish SL BMI2"]
[BlackEngine "asmFishW_2017-11-19_bmi2"]
[EventType "Swiss"]
[WhiteTeam ""]
[BlackTeam ""]
[PlyCount "104"]
[TimeControl "720+1"]

1. Nc3 d5 2. d4 Nf6 3. Bf4 e6 4. Nb5 Na6 5. e3 Be7 6. Nf3 O-O 7. Be2 Nh5 
8. Be5 c6 9. Nc3 f6 10. Bg3 g6 11. Qd2 Nc7 12. Bf4 Nxf4 13. exf4 e5 
14. dxe5 fxe5 15. Nxe5 g5 16. O-O-O Rxf4 17. Bd3 Qf8 18. f3 Bd6 19. Rde1 Qg7 
20. g3 Rf8 21. f4 Bh3 22. Nd1 Rae8 23. Nf2 Bc8 24. h4 Bxe5 25. fxe5 g4 
26. h5 Rxe5 27. h6 Rxe1+ 28. Rxe1 Qf6 29. a3 Rf7 30. Kb1 Be6 31. Nd1 c5 
32. Rf1 Qe5 33. Rxf7 Bxf7 34. Qf2 d4 35. Bxh7+ Kxh7 36. Qxf7+ Kxh6 37. Qf8+ Kg6 
38. Nf2 Qe8 39. Qd6+ Qe6 40. Qf8 Qe1+ 41. Ka2 Qe6+ 42. Kb1 b6 43. Nd3 Nd5 
44. Qh8 a5 45. Ne5+ Kf5 46. Qh5+ Kf6 47. Nxg4+ Ke7 48. Ne5 Kd6 49. Nf7+ Kc7 
50. Ne5 Kd6 51. Nf7+ Kc7 52. Ne5 Kd6 1/2-1/2

[Event "Saturday 06 January Rapid Engine Tour 12+1 Rounds 9 Starts 1600 ST"]
[Site "Infinity Chess"]
[Date "2018.1.6"]
[Round "9"]
[White "MGR"]
[Black "MarioDeMonti"]
[Result "1/2-1/2"]
[ECO "A06"]
[WhiteElo "2482"]
[BlackElo "2433"]
[WhiteEngine "asmFishW_2017-11-19_bmi2"]
[BlackEngine "stockfish_x64_bmi2_2017_12_26_CTG"]
[EventType "Swiss"]
[WhiteTeam ""]
[BlackTeam ""]
[PlyCount "70"]
[TimeControl "720+1"]

1. Nf3 d5 2. d4 Nf6 3. Bf4 c5 4. e3 Nc6 5. Be2 cxd4 6. Nxd4 Qb6 7. Nxc6 bxc6 
8. Nd2 Qxb2 9. Rb1 Qxa2 10. O-O e6 11. c4 Bd7 12. Bf3 Be7 13. e4 Qa5 14. Rb7 Qd8 
15. e5 Ng8 16. Qa1 a5 17. cxd5 cxd5 18. Nc4 Qc8 19. Nd6+ Bxd6 20. exd6 Nf6 
21. Rc7 Qd8 22. Be5 O-O 23. Bxf6 gxf6 24. Qc3 a4 25. Qa3 Kh8 26. Rb1 Rb8 
27. Rxb8 Qxb8 28. Qa1 a3 29. Qxf6+ Kg8 30. Qg5+ Kh8 31. Rb7 Qxb7 32. Qf6+ Kg8 
33. Qg5+ Kh8 34. Qf6+ Kg8 35. Qg5+ Kh8 1/2-1/2

[Event "Saturday 06 January Rapid Engine Tour 12+1 Rounds 9 Starts 1600 ST"]
[Site "Infinity Chess"]
[Date "2018.1.6"]
[Round "9"]
[White "Thinker"]
[Black "ocirema"]
[Result "1/2-1/2"]
[ECO "C50"]
[WhiteElo "2445"]
[BlackElo "2435"]
[WhiteEngine "BrainFish_180106_x64_modern_CTG"]
[BlackEngine "Stockfish_18010423_720_x64_modern_BYO_RW_CTG"]
[EventType "Swiss"]
[WhiteTeam ""]
[BlackTeam ""]
[PlyCount "119"]
[TimeControl "720+1"]

1. e4 e5 2. Nf3 Nc6 3. Bc4 Bc5 4. d3 Nf6 5. c3 d6 6. O-O O-O 7. Bg5 a5 8. a4 h6 
9. Bh4 g5 10. Bg3 Kg7 11. Nbd2 Ba7 12. Re1 Ng8 13. h3 h5 14. d4 Nh6 15. Nf1 g4 
16. hxg4 hxg4 17. Nh4 exd4 18. cxd4 Bxd4 19. Ne3 Rh8 20. Rb1 Kf8 21. Bd5 Bf6 
22. Nhf5 Bxf5 23. Nxf5 Nxf5 24. exf5 Bg5 25. Qxg4 Qf6 26. Rbd1 Qh6 27. Qh3 Qxh3 
28. gxh3 Rxh3 29. Kg2 Rh8 30. b3 Re8 31. Rxe8+ Kxe8 32. Re1+ Kf8 33. f4 Bf6 
34. Bf2 Rh5 35. Be4 Nb4 36. Bxb7 Nd3 37. Rd1 Nxf2 38. Kxf2 Rxf5 39. Ke3 Rc5 
40. Ke4 Rc3 41. Rd3 Ke7 42. Rxc3 Bxc3 43. Bd5 Kf6 44. Bc6 Be1 45. Be8 Ke6 
46. f5+ Ke7 47. Bc6 Kf6 48. Be8 Bg3 49. Kd4 Bh4 50. Kc4 Bf2 51. b4 axb4 
52. Kxb4 d5 53. Bc6 Ke5 54. f6 d4 55. Kc4 Kxf6 56. a5 d3 57. Kxd3 Ke6 
58. Ke4 Kd6 59. Be8 Kc5 60. Bxf7 1/2-1/2

[Event "Saturday 06 January Rapid Engine Tour 12+1 Rounds 9 Starts 1600 ST"]
[Site "Infinity Chess"]
[Date "2018.1.6"]
[Round "9"]
[White "OlivierEvan"]
[Black "KillBill2017"]
[Result "0-1"]
[ECO "A00"]
[WhiteElo "2376"]
[BlackElo "2406"]
[WhiteEngine "Houdini 6"]
[BlackEngine "Raubfisch ME262_GTZ16b1_CTG"]
[EventType "Swiss"]
[WhiteTeam ""]
[BlackTeam ""]
[PlyCount "200"]
[TimeControl "720+1"]

1. Nc3 d5 2. d3 e5 3. Nf3 d4 4. Ne4 Nc6 5. c3 Be7 6. g3 Nf6 7. Nxf6+ Bxf6 
8. Bg2 O-O 9. O-O Bg4 10. cxd4 exd4 11. Nd2 Be6 12. Qc2 Bd5 13. Bxd5 Qxd5 
14. f4 Nb4 15. Qa4 a5 16. Ne4 Qf5 17. a3 Nd5 18. Bd2 c6 19. Rac1 Qd7 
20. Rf3 Rfe8 21. Rf2 Rec8 22. Nc5 Qe7 23. Ne4 Qd7 24. Nc5 Qe7 25. Ne4 b5 
26. Qc2 a4 27. Qc5 Qxc5 28. Nxf6+ Nxf6 29. Rxc5 Re8 30. Rg2 Rac8 31. Kf2 Nd7 
32. Rc1 Re6 33. e4 c5 34. h4 Rf6 35. Rgg1 h5 36. Ke2 Re6 37. Kf3 Rf6 38. Ke2 Re6 
39. Kf3 Rg6 40. Be1 Kf8 41. Rg2 Ke7 42. Rgc2 Kd6 43. Bf2 Rb8 44. Rg1 b4 
45. axb4 Rxb4 46. Ra1 Kc6 47. Ra3 Kb5 48. Rd2 Rf6 49. Ra1 Ne5+ 50. Ke2 Ng4 
51. Bg1 Rb6 52. Rc2 Nf6 53. Bf2 Rb3 54. Kd2 Rc6 55. Ra2 Ra6 56. Ra3 c4 
57. Bg1 c3+ 58. Kc1 Nxe4 59. Bxd4 cxb2+ 60. Rxb2 Rc6+ 61. Kb1 Nc3+ 62. Ka1 Rxb2 
63. Kxb2 Nd5 64. Ra1 Nb4 65. Bc3 Nxd3+ 66. Kc2 Nb4+ 67. Kb2 Re6 68. Ra3 Nd3+ 
69. Kc2 Nc5 70. Bxg7 Nb3 71. Be5 f5 72. Ra2 Rg6 73. Kb1 Rxg3 74. Rc2 Nc5 
75. Ka2 Rg4 76. Rd2 Rxh4 77. Rd5 Rh2+ 78. Ka3 Rh3+ 79. Ka2 Rd3 80. Bd4 Kc4 
81. Rxc5+ Kxd4 82. Rxf5 h4 83. Kb1 h3 84. Rh5 a3 85. Ka2 Ke4 86. f5 Ke5 
87. Kb1 Rf3 88. f6+ Kxf6 89. Ka2 Rf2+ 90. Ka1 h2 91. Rh6+ Kg5 92. Rh8 Rf1+ 
93. Ka2 h1=Q 94. Rg8+ Kf6 95. Rf8+ Ke7 96. Rf3 Qg2+ 97. Rf2 Rxf2+ 98. Kb3 Rf4 
99. Kc3 Qe2 100. Kb3 Qb2# 0-1

[Event "Saturday 06 January Rapid Engine Tour 12+1 Rounds 9 Starts 1600 ST"]
[Site "Infinity Chess"]
[Date "2018.1.6"]
[Round "9"]
[White "Susanne"]
[Black "neófito"]
[Result "1-0 "]
[ECO "C55"]
[WhiteElo "2475"]
[BlackElo "2418"]
[WhiteEngine "asmFishW_bmi2_CTG"]
[BlackEngine "Raubfisch X37b1_CTG"]
[EventType "Swiss"]
[WhiteTeam ""]
[BlackTeam ""]
[PlyCount "29"]
[TimeControl "720+1"]

1. e4 e5 2. Nf3 Nc6 3. Bc4 Nf6 4. d3 Bc5 5. O-O d6 6. c3 a5 7. Bg5 Ba7 8. Bh4 h6 
9. Nbd2 g5 10. Bg3 O-O 11. Bb3 Be6 12. a4 Qd7 13. Bc4 Qe7 14. Re1 Ne8 15. Ra3 
1-0

[Event "Saturday 06 January Rapid Engine Tour 12+1 Rounds 9 Starts 1600 ST"]
[Site "Infinity Chess"]
[Date "2018.1.6"]
[Round "9"]
[White "Gilgamesch"]
[Black "NINJA_JENGKA"]
[Result "1/2-1/2"]
[ECO "B90"]
[WhiteElo "2500"]
[BlackElo "2419"]
[WhiteEngine "BrainFish_171005_x64_bmi2"]
[BlackEngine "Houdini 6_CTG"]
[EventType "Swiss"]
[WhiteTeam ""]
[BlackTeam ""]
[PlyCount "110"]
[TimeControl "720+1"]

1. e4 c5 2. Nf3 d6 3. d4 cxd4 4. Nxd4 Nf6 5. Nc3 a6 6. Be3 e5 7. Nb3 Be7 
8. Be2 Be6 9. O-O O-O 10. Qd3 Nc6 11. a3 Rc8 12. Nd5 h6 13. Nd2 Bxd5 
14. exd5 Nd4 15. Bxd4 exd4 16. Nb3 Nd7 17. Nxd4 Bf6 18. Rac1 Re8 19. c3 Nc5 
20. Qd1 Bxd4 21. cxd4 Ne4 22. Rxc8 Qxc8 23. Bf3 Nf6 24. h3 g5 25. Qb3 Kg7 
26. a4 Re7 27. Qa3 Qd7 28. Qb4 Re8 29. a5 Re7 30. Qc4 Re8 31. Qb3 Re7 
32. Qb4 Re8 33. Qa3 Rc8 34. Qb4 Re8 35. Qb3 Re7 36. Qc4 Re8 37. Qb4 Re7 
38. Kh2 Re8 39. Rd1 Qf5 40. Qd2 Rc8 41. Qd3 Qd7 42. Re1 Rc7 43. Bd1 Nxd5 
44. Bc2 Nf6 45. Bb3 d5 46. f4 g4 47. Qg3 Qb5 48. f5 Qxa5 49. hxg4 Qd2 
50. Rd1 Qe3 51. Qxc7 Nxg4+ 52. Kh1 Nf2+ 53. Kh2 Ng4+ 54. Kh1 Nf2+ 55. Kh2 Ng4+ 
1/2-1/2

[Event "Saturday 06 January Rapid Engine Tour 12+1 Rounds 9 Starts 1600 ST"]
[Site "Infinity Chess"]
[Date "2018.1.6"]
[Round "9"]
[White "hafaba"]
[Black "Prometheus"]
[Result "1/2-1/2"]
[ECO "A46"]
[WhiteElo "2417"]
[BlackElo "2438"]
[WhiteEngine "SF SL 03012018 POPCNT_CTG"]
[BlackEngine "Eman 1.58-64bit-IDeA"]
[EventType "Swiss"]
[WhiteTeam ""]
[BlackTeam ""]
[PlyCount "206"]
[TimeControl "720+1"]

1. d4 Nf6 2. Nf3 d5 3. c4 c6 4. e3 b6 5. Bd3 e6 6. O-O Bb7 7. Qe2 Nbd7 8. b3 Bd6 
9. Nbd2 O-O 10. Bb2 Qe7 11. e4 dxe4 12. Nxe4 Nxe4 13. Qxe4 f5 14. Qe3 c5 
15. Rae1 Rae8 16. d5 e5 17. Ng5 e4 18. f4 Nf6 19. Be2 Bc8 20. g3 Bd7 21. a4 h6 
22. Nh3 Qf7 23. Nf2 Qg6 24. Kh1 Rf7 25. Nd1 h5 26. h4 Be7 27. Nf2 a5 28. Nh3 Nh7 
29. Ng5 Rff8 30. Ra1 Bf6 31. Bxf6 Rxf6 32. Qc3 Qh6 33. Qe3 Rc8 34. Kg2 Qg6 
35. Rfe1 Ra8 36. Qc3 Re8 37. Rf1 Rd6 38. Rad1 Nf6 39. Rfe1 Nh7 40. Qb2 Re7 
41. Bf1 Qf6 42. Qf2 g6 43. Re2 Kf8 44. Re3 Ke8 45. Qd2 Qh8 46. Rde1 Kd8 
47. Kf2 Nf6 48. Bh3 Ng8 49. Ke2 Bc8 50. Rd1 Qg7 51. Kf2 Nh6 52. Kg1 Kc7 
53. Qc1 Qf6 54. Kh1 Nf7 55. Bg2 Nxg5 56. hxg5 Qh8 57. Qc3 Re8 58. Qxh8 Rxh8 
59. Kh2 Rd7 60. Rh1 Bb7 61. Kg1 Bc8 62. Re1 Rdh7 63. Kf2 h4 64. Rh3 Kd6 
65. Rd1 Kc7 66. Rdh1 hxg3+ 67. Kxg3 Rxh3+ 68. Bxh3 Bd7 69. Kg2 Kd6 70. Re1 Rh5 
71. Rb1 Be8 72. Rf1 Rh4 73. Kh2 Bf7 74. Kg3 Rh7 75. Rd1 Kd7 76. Bg2 Kc7 
77. Rf1 Kd7 78. Rd1 Rh5 79. Rg1 Rh8 80. Rf1 Kd6 81. Rc1 Be8 82. Re1 Bd7 
83. Rc1 Bc8 84. Rc2 Rh7 85. Rc1 Ba6 86. Rd1 Rh8 87. Rb1 Rh7 88. Rd1 Bc8 
89. Rc1 Ba6 90. Rb1 Bb7 91. Re1 Rh8 92. Ra1 Kc7 93. Rg1 Kd6 94. Bh3 Ke7 
95. Rh1 Kd6 96. Ra1 Rh7 97. Ra2 Bc8 98. Ra1 Bb7 99. Bf1 Rh1 100. Rc1 Bc8 
101. Re1 Bb7 102. Ra1 Rg1+ 103. Kf2 Rg4 1/2-1/2

[Event "Saturday 06 January Rapid Engine Tour 12+1 Rounds 9 Starts 1600 ST"]
[Site "Infinity Chess"]
[Date "2018.1.6"]
[Round "9"]
[White "RonWeasley"]
[Black "Satria_Ungu"]
[Result "1/2-1/2"]
[ECO "A00"]
[WhiteElo "2439"]
[BlackElo "2422"]
[WhiteEngine "BrainFish 261217_CTG"]
[BlackEngine "Houdini 6"]
[EventType "Swiss"]
[WhiteTeam ""]
[BlackTeam ""]
[PlyCount "114"]
[TimeControl "720+1"]

1. a3 e5 2. e3 d5 3. d4 exd4 4. exd4 Bd6 5. Nc3 Nf6 6. Nb5 Be7 7. Bf4 Na6 
8. Nc3 O-O 9. Nf3 Ne4 10. Nxe4 dxe4 11. Bxa6 bxa6 12. Ne5 Bd6 13. O-O f6 
14. Nc6 Qe8 15. Bxd6 cxd6 16. d5 Bd7 17. Na5 Qg6 18. Qd2 Rae8 19. b3 Re5 
20. Nc6 Bxc6 21. dxc6 d5 22. Rfd1 Qe8 23. c7 Qc6 24. c4 Qxc7 25. cxd5 Qd6 
26. Rac1 Rd8 27. Rc6 Qxd5 28. Qxd5+ Rexd5 29. Rxd5 Rxd5 30. Kf1 a5 31. Ra6 h5 
32. Rxa7 Rb5 33. Ke2 Rxb3 34. Rxa5 h4 35. a4 h3 36. g4 Ra3 37. Rh5 g6 
38. Ra5 Kf7 39. g5 fxg5 40. Rxg5 Rxa4 41. Rg3 Rc4 42. Rxh3 Rc2+ 43. Kf1 Ke6 
44. Rg3 Kf5 45. h4 Rd2 46. Rg5+ Kf6 47. Ra5 Rc2 48. Ra6+ Kf5 49. Ke1 Rc8 
50. Kd2 Rc5 51. Ke2 Rc2+ 52. Ke3 Rc3+ 53. Kd2 Rh3 54. Ke1 e3 55. fxe3 Rxh4 
56. Ra5+ Ke6 57. Ra3 g5 1/2-1/2

[Event "Saturday 06 January Rapid Engine Tour 12+1 Rounds 9 Starts 1600 ST"]
[Site "Infinity Chess"]
[Date "2018.1.6"]
[Round "9"]
[White "Eman"]
[Black "KULLANI"]
[Result "1/2-1/2 "]
[ECO "D30"]
[WhiteElo "2457"]
[BlackElo "2440"]
[WhiteEngine "Eman 1.60 64-bit POPCNT"]
[BlackEngine "Raubfisch ME262_GTZ16b1._CTG"]
[EventType "Swiss"]
[WhiteTeam ""]
[BlackTeam ""]
[PlyCount "135"]
[TimeControl "720+1"]

1. d4 d5 2. c4 e6 3. Nf3 Nf6 4. Nc3 c6 5. Bg5 h6 6. Bxf6 Qxf6 7. Qc2 dxc4 
8. e3 b5 9. a4 Bb7 10. axb5 cxb5 11. Nxb5 Bb4+ 12. Nc3 O-O 13. Be2 Nd7 
14. O-O Rfc8 15. Nd2 Nb6 16. Bf3 Qe7 17. Rfe1 Bxf3 18. Nxf3 Nd5 19. g3 Rab8 
20. Nd2 a5 21. Rec1 Qd7 22. Qd1 Ra8 23. Nf3 Qe8 24. Qc2 Rab8 25. e4 Bxc3 
26. bxc3 Nxc3 27. Qxc3 Rb3 28. Qxa5 Rxf3 29. Qa6 Qc6 30. Qxc6 Rxc6 31. Ra4 c3 
32. Kf1 c2 33. Ke2 Rb3 34. h4 Rbc3 35. h5 Rc8 36. Kd2 Rf3 37. Ke1 f5 38. e5 Kf8 
39. Ra2 Rfc3 40. Ke2 Ke7 41. Kd2 R3c4 42. Rcxc2 Rxd4+ 43. Ke1 Rxc2 44. Rxc2 f4 
45. Rc7+ Kf8 46. Ke2 fxg3 47. Rc8+ Ke7 48. Rc7+ Kf8 49. Rc8+ Ke7 50. Rc7+ Ke8 
51. fxg3 Rd5 52. Rxg7 Rxe5+ 53. Kf2 Rf5+ 54. Ke1 Rxh5 55. Kf2 Rf5+ 56. Ke3 Rg5 
57. Ra7 Rxg3+ 58. Ke4 Rg5 59. Rh7 h5 60. Kf4 Rf5+ 61. Kg3 Kd8 62. Kg2 Rd5 
63. Kh3 Rb5 64. Kh4 Re5 65. Ra7 Rd5 66. Rh7 Rc5 67. Rb7 Rd5 68. Rh7 1/2-1/2

[Event "Saturday 06 January Rapid Engine Tour 12+1 Rounds 9 Starts 1600 ST"]
[Site "Infinity Chess"]
[Date "2018.1.6"]
[Round "9"]
[White "Tiger"]
[Black "SkyPilot"]
[Result "1/2-1/2"]
[ECO "B90"]
[WhiteElo "2431"]
[BlackElo "2471"]
[WhiteEngine "BrainFish_171111_x64_bmi2"]
[BlackEngine "stockfish_x64_bmi2_2018_01_01_CTG"]
[EventType "Swiss"]
[WhiteTeam ""]
[BlackTeam ""]
[PlyCount "125"]
[TimeControl "720+1"]

1. e4 c5 2. Nf3 d6 3. d4 cxd4 4. Nxd4 Nf6 5. Nc3 a6 6. Be3 e5 7. Nb3 Be6 
8. Be2 Be7 9. Qd3 Nbd7 10. Nd5 O-O 11. O-O Bxd5 12. exd5 b6 13. c3 Ne8 
14. f4 Nef6 15. Rad1 b5 16. g4 Nb6 17. fxe5 Nfxd5 18. Kh1 Nxe3 19. Qxe3 Nc4 
20. Bxc4 bxc4 21. Nd4 Qc8 22. e6 fxe6 23. Rxf8+ Bxf8 24. Qxe6+ Qxe6 25. Nxe6 Be7 
26. Kg2 Rc8 27. Kf3 Kf7 28. Nd4 g6 29. Ke4 Rc5 30. Nf3 Ke6 31. h4 Bf6 
32. Rd2 Ra5 33. a3 h5 34. Rg2 Kf7 35. g5 Bg7 36. Re2 Rf5 37. Nd4 Rc5 
38. Rf2+ Ke7 39. Ke3 Re5+ 40. Kd2 Re4 41. Re2 Rxe2+ 42. Nxe2 Be5 43. Ke3 d5 
44. Kf3 Kd6 45. Ke3 Kc5 46. a4 a5 47. Kf3 Bd6 48. Kf2 Bc7 49. Kg2 Bb8 
50. Kf3 Be5 51. Ke3 Bd6 52. Kf3 Kc6 53. Kg2 Kb6 54. Kf2 Be5 55. Ke3 Kc5 
56. Kf3 d4 57. cxd4+ Bxd4 58. Nxd4 Kxd4 59. Kf4 c3 60. bxc3+ Kxc3 61. Ke5 Kb4 
62. Kf6 Kxa4 63. Kxg6 1/2-1/2

[Event "Saturday 06 January Rapid Engine Tour 12+1 Rounds 9 Starts 1600 ST"]
[Site "Infinity Chess"]
[Date "2018.1.6"]
[Round "9"]
[White "KhalidOmar"]
[Black "Katzenmaier"]
[Result "1/2-1/2"]
[ECO "E10"]
[WhiteElo "2445"]
[BlackElo "2502"]
[WhiteEngine "Eman 1.60 64-bit BMI2"]
[BlackEngine "S_XPrO.251117.x64.POPCNT_CTG"]
[EventType "Swiss"]
[WhiteTeam ""]
[BlackTeam ""]
[PlyCount "169"]
[TimeControl "720+1"]

1. d4 Nf6 2. c4 e6 3. Nf3 d5 4. g3 Bb4+ 5. Bd2 Be7 6. Bg2 O-O 7. O-O Nbd7 
8. Qc2 c6 9. Bf4 b6 10. cxd5 cxd5 11. Rc1 Bb7 12. Bc7 Qe8 13. Qb3 Ne4 
14. Nc3 Ndf6 15. Bf4 Ba6 16. Qd1 Nh5 17. Bd2 Nxd2 18. Qxd2 Nf6 19. Rc2 Bb7 
20. Rac1 Rc8 21. e3 Bd6 22. Ne5 g6 23. a3 Kg7 24. Qd1 Qe7 25. Bf1 Nd7 26. f4 Nf6 
27. Bd3 h5 28. Nb5 Rxc2 29. Rxc2 Bb8 30. Qc1 Ne8 31. Nc3 Nd6 32. Nb5 Ne8 
33. Nc3 Nd6 34. Na2 a5 35. Nc3 h4 36. g4 g5 37. a4 Rc8 38. Qe1 Ne4 39. Nxe4 dxe4 
40. Rxc8 Bxc8 41. Bxe4 Bb7 42. Bxb7 Qxb7 43. fxg5 Bxe5 44. dxe5 Qf3 
45. Qxh4 Qd1+ 46. Kf2 Qd2+ 47. Kg3 Qxe3+ 48. Kg2 Qe2+ 49. Kg1 Qd1+ 50. Kf2 Qc2+ 
51. Kf1 Qc4+ 52. Kf2 Qc2+ 53. Kf1 Qc4+ 54. Kf2 Qf4+ 55. Ke2 Qxe5+ 56. Kf3 Qxb2 
57. Qh6+ Kg8 58. g6 Qb3+ 59. Kg2 Qc2+ 60. Kg3 Qd3+ 61. Kh4 Qxg6 62. Qxg6+ fxg6 
63. Kg3 g5 64. h4 gxh4+ 65. Kxh4 Kf7 66. Kg5 Ke7 67. Kf4 Kf6 68. Ke4 Kg5 
69. Kf3 Kh4 70. Kf4 e5+ 71. Kxe5 Kxg4 72. Kd4 Kg3 73. Ke3 Kg2 74. Ke2 Kg1 
75. Ke3 Kf1 76. Kd3 Ke1 77. Kc3 Ke2 78. Kc2 Kf3 79. Kb3 Kg3 80. Kc4 Kf3 
81. Kb3 Kg2 82. Ka2 Kf1 83. Kb3 Ke2 84. Kc2 Kf3 85. Kb3 1/2-1/2